Ella Strange, chaotic female vampiric Wizard ----------- ....^.....| ...-------(--- .... |...| ...-- ---.-- ....| |.Y-- ...[- |.@.| --...--- ---.- .... --)....| ..%. ..).%.)| --))(...--....--.--.....^..| |.).)%<.)........... .%.| ---.------.*................-- ---|...| --....---.|.....(^.| |.--.---- ----....| -------....| |....||.---.......-- --.--- |..[--|............---- --- |...| |...--.--.......| ---- |..-----|..--..-- ---- -------- Ella Strange the Thaumaturge Experience level: 8 Strength: 13 Dexterity: 10 Constitution: 14 Intelligence: 18 Wisdom: 13 Charisma: 9 Health: 0(66) Energy: 128(128) AC: 2 Gold: 493 Moves: 3536 Your Inventory: Coins $ - 493 gold pieces Weapons a - a blessed +1 quarterstaff (weapon in hands) Armor b - an uncursed +0 cloak of magic resistance (being worn) u - a cursed -1 chain mail (being worn) y - a [blessed] +1 pair of old gloves [of searching (leather)] (being worn) F - an [uncursed] +0 leather hat [elven leather helm] (being worn) Comestibles n - an [uncursed] tin [of jackal meat] v - an [uncursed] food ration Scrolls i - an uncursed scroll of confuse monster j - 2 uncursed scrolls of identify k - an uncursed scroll of stinking cloud B - 2 [cursed] scrolls of blank paper C - a [blessed] scroll of blank paper Spellbooks l - a blessed spellbook of force bolt m - an uncursed spellbook of wizard lock z - an [uncursed] spellbook of cancellation Potions g - an uncursed potion of blindness h - an uncursed potion of object detection E - an [uncursed] silver potion [of speed] Rings d - an uncursed ring of teleport control (on left hand) e - an uncursed ring of slow digestion (on right hand) Wands c - an uncursed wand of secret door detection (0:15) x - an [uncursed] wand of digging [0:2] D - an [uncursed] wand of striking [0:1] Tools A - an [uncursed +0] pick-axe Gems o - an [uncursed] black gem [worthless glass] w - 2 [uncursed] yellow gems [worthless glass] Spells known in the end: Name Level Category Fail Memory a - force bolt 1 attack 40% [|||||||.] b - wizard lock 2 matter 84% [|||||||.] c - cancellation 7 matter 100% [||||||||] Your skills at the end: Fighting Skills Weapon Skills quarterstaff [Basic / Expert] Spellcasting Skills attack spells [Basic / Expert] enchantment spells [Basic / Skilled] Final Attributes: You were piously aligned. Hunger level was 1265. Your alignment was 27 / 27. Monster difficulty range was 1 - 7. Level difficulty was 6. You were immune to level-drain. You were magic-protected. You had automatic searching. You had teleport control. You could fly. You could survive without air. You had slower digestion. You regenerated. Your luck was zero. You are dead. Vanquished creatures: a small mimic a jaguar a dust vortex an ape a rope golem a Woodland-elf a water nymph 4 enormous rats a rock mole 2 fog clouds a yellow light 6 gnome lords a black naga hatchling a straw golem a paper golem a floating eye 7 dwarves a kobold shaman a rothe a centipede a monkey 2 orc zombies a dwarf zombie 2 iguanas an acid blob 4 hobbits 2 giant rats 2 brown molds 33 gnomes 5 garter snakes 3 geckos 5 jackals 2 kobolds 2 goblins 4 sewer rats 4 grid bugs 4 lichens a kobold zombie 2 newts 115 creatures vanquished. Voluntary challenges: You were an atheist. You used a wielded weapon 133 times. You read items or engraved 3 times. You put on armor 5 times. You never genocided any monsters. You never polymorphed an object. You never changed form. You used no wishes. You never wrote Elbereth's name. You never encountered a bones level. You never used any Sokoban shortcuts. Dungeon overview: The Dungeons of Doom: levels 1 to 3 Level 1 a long staircase Level 2 a delicatessen Level 3 a fountain stairs to The Gnomish Mines The Gnomish Mines: levels 4 to 6 Level 4 stairs to The Dungeons of Doom Level 6 <- You were here History has recorded: On T:1 you entered the Dungeons of Doom to retrieve the Amulet of Yendor! On T:521 you reached level 2 of The Dungeons of Doom. On T:588 you advanced to experience level 2. On T:684 you advanced to experience level 3. On T:899 you advanced to experience level 4. On T:1140 you reached level 3 of The Dungeons of Doom. On T:1635 you advanced to experience level 5. On T:1673 you reached level 1 of The Gnomish Mines. On T:1783 you advanced to experience level 6. On T:2529 you reached level 2 of The Gnomish Mines. On T:2630 you advanced to experience level 7. On T:2836 you advanced to experience level 8. On T:3136 you reached level 3 of The Gnomish Mines. Latest messages: [HP+2=30] [2 turns] [HP+1=31] [HP+1=32] [HP+2=34] [2 turns] [HP+1=35] [HP+1=36] [HP+2=38] [2 turns] [HP+1=39] [HP+1=40] [HP+2=42] [2 turns] [HP+1=43] You can see again. [HP+1=44] The owlbear hits! (4x) [HP-38=6] [2 turns] The owlbear hits! (2x) You die... Final status: Goodbye Ella Strange the Wizard... You died in The Gnomish Mines on dungeon level 6 with 4088 points, and 493 pieces of gold, after 3536 moves. You were level 8 with a maximum of 66 hit points when you died.